 Dungeon Crawl Stone Soup version 0.28.0-53-g5a82cb258f (webtiles) character file.

Game seed: 10585635271933656282

121 jjjjhere the Cutter (level 5, -1/33 HPs)
             Began as a Kobold Berserker on Aug 13, 2022.
             Was a Believer of Trog.
             Shot with a stone by a goblin (6 damage)
             ... led by Robin
             ... on level 3 of the Dungeon.
             The game lasted 00:03:28 (2817 turns).

jjjjhere the Cutter (Kobold Berserker)              Turns: 2817, Time: 00:03:28

Health: -1/33      AC:  3    Str: 12 (14) XL:     5   Next: 26%
Magic:  5/5        EV: 15    Int:  7 (8)  God:    Trog [**....]
Gold:   134        SH:  0    Dex: 16 (17) Spells: 4/4 levels left

rFire   + . .      SeeInvis .   a - +0 short sword
rCold   + . .      Faith    .   (no shield)
rNeg    . . .      Spirit   .   b - +0 animal skin
rPois   +          Reflect  .   (no helmet)
rElec   +          Harm     .   e - +0 cloak
rCorr   +          Rampage  .   (no gloves)
Will    ++...                   (no boots)
Stlth   +++.......              (no amulet)
HPRegen 1.11/turn               (no ring)
MPRegen 0.09/turn               (no ring)

@: mighty, resistant, strong-willed, on berserk cooldown, flying, regenerating,
slowed, very slow
A: small, no large weapons, nightstalker 3
a: Renounce Religion, Berserk, Trog's Hand


You were on level 3 of the Dungeon.
You worshipped Trog.
Trog was pleased with you.
You visited 1 branch of the dungeon, and saw 3 of its levels.

You collected 134 gold pieces.

Inventory:

Hand Weapons
 a - a +0 short sword (weapon)
Missiles
 l - 2 boomerangs (quivered)
Armour
 b - a +0 animal skin (worn)
 e - a +0 cloak (worn)
Scrolls
 c - a scroll of summoning {unknown}
 d - a scroll of enchant weapon {unknown}
 g - 2 scrolls of magic mapping {unknown}
 h - 2 scrolls of noise {unknown}
 j - a scroll of blinking {unknown}
 m - a scroll of immolation {unknown}


   Skills:
 + Level 4.1 Fighting
 * Level 6.0 Short Blades
 - Level 1.5 Armour
 - Level 2.4 Dodging
 + Level 3.0 Stealth


You had 4 spell levels left.
You didn't know any spells.
Your spell library was empty.

Dungeon Overview and Level Annotations

Branches:
Dungeon (3/15)

Altars:


Innate Abilities, Weirdness & Mutations

You are small and have problems with some larger weapons.
You are completely attuned to the shadows.


Message History

It was a potion of resistance.
You feel protected.
The goblin no longer looks unusually strong.
The goblin misses you. The goblin closely misses you.
It was a potion of flight.
You feel very buoyant.
You fly up into the air.
The goblin no longer looks unusually strong.
The hobgoblin no longer looks unusually strong.
The goblin no longer looks unusually strong.
The goblin closely misses you. The goblin misses you. x2
The goblin completely misses you.
You see here a +0 dagger.
You aren't carrying any items that you can evoke.
You puncture the goblin!
You kill the goblin!
Trog accepts your kill.
The goblin unwields a +0 dagger.
The goblin wields a +0 hunting sling.
The goblin shoots a stone.
The stone hits you but does no damage.
Your Short Blades skill increases to level 6!
You closely miss the goblin. The goblin closely misses you.
The goblin hits you but does no damage. The goblin misses you.
The goblin closely misses you.
Your skin crawls.
You feel strong-willed.
The goblin unwields a +0 club.
The goblin wields a +0 hunting sling.
The goblin shoots a stone.
The stone barely misses you. The goblin hits you with a +0 club.
* * * LOW HITPOINT WARNING * * *
The goblin shoots a stone.
The stone hits you but does no damage.
The goblin shoots a stone.
The stone hits you but does no damage. The goblin misses you.
The goblin closely misses you.
There is a stone staircase leading up here.
The goblin shoots a stone.
The stone misses you. The goblin closely misses you.
The goblin shoots a stone.
The stone hits you.
* * * LOW HITPOINT WARNING * * *
The goblin shoots a stone.
The stone hits you.
You die...

###.######... #)###
###........# #)#
....###...#############g#
##### ###.#.............#
#.............###
##............# #######
##......ggg..# #.....#
#......gg...# #.....#
#.....@....## #†....#
####)#####.# ......# ##.# #.#
#.....#######..# ###.########
#.........##..## #..........#
#....(###..)..####.##....†..#
#.....##.........#.##.......#
#####............#........###
###.###..>.....#.#...>...#


You could see 2 hobgoblins and 3 goblins.

Vanquished Creatures
  Robin (D:3)
  4 adders
  A worm (D:3)
  2 dart slugs
  5 orcs (D:3)
  2 ball pythons
  7 bats
  4 endoplasms
  3 giant cockroaches
  2 hobgoblins
  2 quokkas (D:1)
  6 frilled lizards
  9 goblins
  7 kobolds
  9 rats
64 creatures vanquished.

Notes
Turn   | Place    | Note
-------+----------+-------------------------------------------
     0 | D:1      | jjjjhere the Kobold Berserker began the quest for the Orb.
     0 | D:1      | Reached XP level 1. HP: 14/14 MP: 1/1
    73 | D:1      | HP: 6/21 [dart slug (1)]
    76 | D:1      | Reached XP level 2. HP: 9/19 MP: 2/2
    77 | D:1      | Reached skill level 1 in Stealth
   840 | D:1      | Reached XP level 3. HP: 23/23 MP: 3/3
  1462 | D:2      | Reached skill level 5 in Short Blades
  1521 | D:2      | Reached ** piety under Trog
  1665 | D:2      | Found a faded altar of an unknown god.
  1773 | D:2      | Reached XP level 4. HP: 29/29 MP: 4/4
  2626 | D:3      | Reached XP level 5. HP: 33/33 MP: 5/5
  2776 | D:3      | Noticed Robin
  2789 | D:3      | HP: 12/49 [goblin/+0 club[Robin] (5)]
  2790 | D:3      | Killed Robin
  2796 | D:3      | HP: 5/49 [goblin/+0 club[Robin] (6)]
  2807 | D:3      | Reached skill level 6 in Short Blades
  2813 | D:3      | HP: 3/33 [goblin/+0 club[Robin] (4)]
  2817 | D:3      | Shot with a stone by a goblin

Illustrated notes

Levels and vault maps discovered:
D:1:      erik_arrival_cave_to_civilisation [erik_arrival_cave_to_hall],
          layout_basic
D:2:      layout_basic, shapermc_ecumenical_altar_mp_ritualfount,
          nicolae_concentric_dashed_squares_wild
D:3:      layout_rooms, uniq_robin

Skill      XL: |  1  2  3  4  5 |
---------------+----------------+-----
Stealth        | 1 2 3 |  3.0
Short Blades   | 5 6 |  6.0
Fighting       | 4 |  4.1
Armour         | |  1.5
Dodging        | |  2.4

Action                   |  1- 3 |  4- 6 || total
-------------------------+-------+-------++-------
Melee: Short sword       |    76 |    88 ||   164
       Punch             |       |     1 ||     1
Invok: Berserk           |     1 |     4 ||     5
       Trog's Hand       |       |     1 ||     1
  Use: Potion            |       |     4 ||     4
 Stab: Sleeping          |    14 |    11 ||    25
Armor: Animal skin       |    19 |    12 ||    31
Dodge: Dodged            |    61 |    79 ||   140
